SL
SEATTLE ROCKETEERS @ GREENVILLE 84S
07/07/2041
 
TOP OF THE 1ST
Seattle Rocketeers batting - Pitching for Greenville 84s : RHP Javier Montés
Pitching: RHP Javier Montés
Batting: SHB Lodd Felton 0-0: Ball
1-0: Ball
2-0: Foul Ball, location: 2F
2-1: Swinging Strike
2-2: Ground out 4-3 (Groundball, 4, EV 83.1 MPH)
Batting: RHB Jurgen Flurgenburgen 0-0: Swinging Strike
0-1: Ball
1-1: Called Strike
1-2: SINGLE (Groundball, 34D, EV 101.9 MPH)
Batting: LHB Manoo Satyavrat 0-0: Ball
Jurgen Flurgenburgen steals 2nd base
1-0: Foul Ball, location: 2F
1-1: Foul Ball, location: 2F
1-2: Fly out, F8 (Flyball, 8RM, EV 91.2 MPH)
Batting: RHB Alain Grosjean 0-0: Ball
1-0: Ball
2-0: Ball
3-0: SINGLE (Flyball, 89S, EV 95.6 MPH)
Jurgen Flurgenburgen to third
Runner from 3rd tries for Home, SAFE, throw by RF to home
Batting: LHB Carlos Gabriel 0-0: Ball
1-0: Ball
2-0: SINGLE (Flyball, 8RS, EV 94.4 MPH)
Alain Grosjean to second
Batting: SHB Charles Geudre 0-0: DOUBLE (Flyball, 8RXD, EV 88.8 MPH)
Alain Grosjean scores
Carlos Gabriel to third
Runner from 3rd tries for Home, SAFE, throw by CF to trailing runner, OUT at third! 8-4-5
Top of the 1st over - 3 runs, 4 hits, 0 errors, 0 left on base; Seattle 3 - Greenville 0
BOTTOM OF THE 1ST
Greenville 84s batting - Pitching for Seattle Rocketeers : LHP Dave O'Neil
Pitching: LHP Dave O'Neil
Batting: RHB Cornelio Japón 0-0: Called Strike
0-1: Called Strike
0-2: Strikes out looking
Batting: LHB Philip Visscher 0-0: Foul Ball, location: 2F
0-1: Ball
1-1: Swinging Strike
1-2: Strikes out swinging
Batting: RHB Ángelo Delgado 0-0: Called Strike
0-1: SOLO HOME RUN (Flyball, 7LD, EV 112.5 MPH), Distance : 347 ft
Batting: RHB Gil Andersen 0-0: Ball
1-0: Ball
2-0: Foul Ball, location: 2F
2-1: Called Strike
2-2: Ball
3-2: DOUBLE (Flyball, 8LXD, EV 86.2 MPH) - OUT at third base trying to stretch hit.
Bottom of the 1st over - 1 run, 2 hits, 0 errors, 0 left on base; Seattle 3 - Greenville 1
TOP OF THE 2ND
Seattle Rocketeers batting - Pitching for Greenville 84s : RHP Javier Montés
Batting: RHB Jur Prokop 0-0: Ball
1-0: Called Strike
1-1: SINGLE (Groundball, 56D, EV 101.2 MPH)
Batting: RHB Axel Ruschmeyer 0-0: Foul Ball, location: 2F
0-1: Grounds into double play, 1-6-3 (Groundball, 13S, EV 65.6 MPH)
Batting: RHB Mathew Mayo 0-0: Called Strike
0-1: Ball
1-1: Swinging Strike
1-2: Ball
2-2: Foul Ball, location: 2F
2-2: SOLO HOME RUN (Flyball, 9D, EV 93.8 MPH), Distance : 373 ft
Batting: SHB Lodd Felton 0-0: Ball
1-0: Foul Ball, location: 2F
1-1: Foul Ball, location: 2F
1-2: Ball
2-2: Ground out 4-3 (Groundball, 4, EV 83.1 MPH)
Top of the 2nd over - 1 run, 2 hits, 0 errors, 0 left on base; Seattle 4 - Greenville 1
BOTTOM OF THE 2ND
Greenville 84s batting - Pitching for Seattle Rocketeers : LHP Dave O'Neil
Batting: RHB António Macías 0-0: Ball
1-0: Foul Ball, location: 2F
1-1: Foul Ball, location: 2F
1-2: Fly out, F7 (Line Drive, 7, EV 93.8 MPH)
Batting: RHB Yehonatan Chazan 0-0: Ball
1-0: Foul Ball, location: 2F
1-1: Fly out, F8 (Flyball, 8RS, EV 90.6 MPH)
Batting: RHB Francisco Agámez 0-0: Ball
1-0: Ball
2-0: Ball
3-0: Called Strike
3-1: Base on Balls
Batting: LHB Lung Chaim 0-0: Called Strike
0-1: Ball
1-1: Foul Ball, location: 2F
1-2: Ball
2-2: Ball
3-2: Foul Ball, location: 2F
3-2: Foul Ball, location: 2F
3-2: Ground out 3-1 (Groundball, 34, EV 98.8 MPH)
Bottom of the 2nd over - 0 runs, 0 hits, 0 errors, 1 left on base; Seattle 4 - Greenville 1
TOP OF THE 3RD
Seattle Rocketeers batting - Pitching for Greenville 84s : RHP Javier Montés
Batting: RHB Jurgen Flurgenburgen 0-0: Fly out, F9 (Flyball, 9S, EV 84.4 MPH)
Batting: LHB Manoo Satyavrat 0-0: Foul Ball, location: 2F
0-1: Called Strike
0-2: Ball
1-2: Ball
2-2: Foul Ball, location: 2F
2-2: Ground out 5-3 (Groundball, 56, EV 101.9 MPH)
Batting: RHB Alain Grosjean 0-0: Called Strike
0-1: Ball
1-1: Swinging Strike
1-2: Ball
2-2: Foul Ball, location: 2F
2-2: Strikes out looking
Top of the 3rd over - 0 runs, 0 hits, 0 errors, 0 left on base; Seattle 4 - Greenville 1
BOTTOM OF THE 3RD
Greenville 84s batting - Pitching for Seattle Rocketeers : LHP Dave O'Neil
Batting: RHB Juan Jose Ayala 0-0: Foul Ball, location: 2F
0-1: Ball
1-1: Swinging Strike
1-2: SINGLE (Line Drive, 34D, EV 96.9 MPH)
Batting: RHB Cornelio Japón 0-0: Foul Ball, location: 2F
0-1: Ball
1-1: Foul Ball, location: 2F
1-2: Strikes out swinging
Batting: LHB Philip Visscher 0-0: Ball
1-0: Swinging Strike
1-1: Ball
2-1: Foul Ball, location: 2F
2-2: Fly out, F7 (Flyball, 7, EV 83.8 MPH)
Batting: RHB Ángelo Delgado 0-0: Called Strike
0-1: Called Strike
Juan Jose Ayala steals 2nd base
0-2: Ball
1-2: DOUBLE (Flyball, 8LXD, EV 102.5 MPH)
Juan Jose Ayala scores
Batting: RHB Gil Andersen 0-0: Ball
1-0: Called Strike
1-1: Ground out 5-3 (Groundball, 56S, EV 87.5 MPH)
Bottom of the 3rd over - 1 run, 2 hits, 0 errors, 1 left on base; Seattle 4 - Greenville 2
TOP OF THE 4TH
Seattle Rocketeers batting - Pitching for Greenville 84s : RHP Javier Montés
Batting: LHB Carlos Gabriel 0-0: Called Strike
0-1: SINGLE (Groundball, 34D, EV 103.1 MPH)
Batting: SHB Charles Geudre 0-0: Ball
1-0: Swinging Strike
1-1: Ball
2-1: Fly out, F7 (Flyball, 7LDF, EV 79.4 MPH)
Batting: RHB Jur Prokop 0-0: Called Strike
0-1: Ball
1-1: Fly out, F9 (Flyball, 9LS, EV 76.9 MPH)
Batting: RHB Axel Ruschmeyer 0-0: DOUBLE (Flyball, 8RXD, EV 105.0 MPH)
Carlos Gabriel to third
Runner from 3rd tries for Home, SAFE, no throw by CF
Batting: RHB Mathew Mayo 0-0: Ball
1-0: Ball
2-0: SINGLE (Groundball, 56D, EV 105.6 MPH)
Axel Ruschmeyer to third
Runner from 3rd tries for Home, SAFE, throw by LF to home
Pitching: RHP Rubén Vázquez
Batting: SHB Lodd Felton 0-0: Ball
1-0: Called Strike
1-1: Called Strike
1-2: Ground out 4-3 (Groundball, 4, EV 78.1 MPH)
Top of the 4th over - 2 runs, 3 hits, 0 errors, 1 left on base; Seattle 6 - Greenville 2
BOTTOM OF THE 4TH
Greenville 84s batting - Pitching for Seattle Rocketeers : LHP Dave O'Neil
Batting: RHB António Macías 0-0: Ball
1-0: Called Strike
1-1: SINGLE (Line Drive, 4MD, EV 99.4 MPH)
Batting: RHB Yehonatan Chazan 0-0: Fly out, F4 (Popup, 4, EV 53.1 MPH)
Batting: RHB Francisco Agámez 0-0: Called Strike
0-1: Called Strike
0-2: Foul Ball, location: 2F
0-2: Ball
1-2: Strikes out swinging
Batting: LHB Lung Chaim 0-0: Called Strike
0-1: Ball
1-1: Ball
2-1: Foul Ball, location: 2F
2-2: Ball
3-2: Fly out, F7 (Flyball, 7, EV 83.1 MPH)
Bottom of the 4th over - 0 runs, 1 hit, 0 errors, 1 left on base; Seattle 6 - Greenville 2
TOP OF THE 5TH
Seattle Rocketeers batting - Pitching for Greenville 84s : RHP Rubén Vázquez
Batting: RHB Jurgen Flurgenburgen 0-0: Foul Ball, location: 2F
0-1: Foul Ball, location: 2F
0-2: Ball
1-2: Ground out 5-3 (Groundball, 56S, EV 68.1 MPH)
Batting: LHB Manoo Satyavrat 0-0: Called Strike
0-1: Ball
1-1: Ball
2-1: Ball
3-1: Base on Balls
Batting: RHB Alain Grosjean 0-0: SINGLE (Line Drive, 4D, EV 96.2 MPH)
Manoo Satyavrat to second
Runner from 2nd tries for 3rd, SAFE, throw by RF made to third
Batting: LHB Carlos Gabriel 0-0: Swinging Strike
0-1: Ball
1-1: Swinging Strike
1-2: Strikes out looking
Batting: SHB Charles Geudre 0-0: Called Strike
0-1: Swinging Strike
0-2: Strikes out swinging
Top of the 5th over - 0 runs, 1 hit, 0 errors, 2 left on base; Seattle 6 - Greenville 2
BOTTOM OF THE 5TH
Greenville 84s batting - Pitching for Seattle Rocketeers : LHP Dave O'Neil
Batting: RHB Juan Jose Ayala 0-0: Ball
1-0: Ball
2-0: Foul Ball, location: 2F
2-1: Fly out, F8 (Flyball, 89D, EV 86.2 MPH)
Batting: RHB Cornelio Japón 0-0: Ball
1-0: SINGLE (Flyball, 7LS, EV 92.5 MPH)
Batting: LHB Philip Visscher 0-0: Ball
1-0: Ball
2-0: Fly out, F4 (Popup, 4M, EV 70.6 MPH)
Batting: RHB Ángelo Delgado 0-0: Ball
1-0: Called Strike
1-1: Ball
2-1: Foul Ball, location: 2F
2-2: Ball
3-2: Strikes out swinging
Bottom of the 5th over - 0 runs, 1 hit, 0 errors, 1 left on base; Seattle 6 - Greenville 2
TOP OF THE 6TH
Seattle Rocketeers batting - Pitching for Greenville 84s : RHP Rubén Vázquez
Batting: RHB Jur Prokop 0-0: Called Strike
0-1: Ball
1-1: Swinging Strike
1-2: Foul Ball, location: 2F
1-2: Foul Ball, location: 2F
1-2: Strikes out swinging
Batting: RHB Axel Ruschmeyer 0-0: Ball
1-0: Foul Ball, location: 2F
1-1: Foul Ball, location: 2F
1-2: Ball
2-2: Strikes out swinging
Batting: RHB Mathew Mayo 0-0: Foul Ball, location: 2F
0-1: Ball
1-1: Foul Ball, location: 2F
1-2: Strikes out swinging
Top of the 6th over - 0 runs, 0 hits, 0 errors, 0 left on base; Seattle 6 - Greenville 2
BOTTOM OF THE 6TH
Greenville 84s batting - Pitching for Seattle Rocketeers : LHP Dave O'Neil
Batting: RHB Gil Andersen 0-0: Fly out, F8 (Flyball, 78XD, EV 104.4 MPH)
Batting: RHB António Macías 0-0: Ball
1-0: Ball
2-0: Called Strike
2-1: Ball
3-1: SINGLE (Groundball, 56S, EV 75.6 MPH) (infield hit)
Batting: RHB Yehonatan Chazan 0-0: Fielders Choice at 2nd, 1-6 (Groundball, 34S, EV 90.0 MPH)
Batting: RHB Francisco Agámez 0-0: Ball
1-0: Ball
2-0: Ball
3-0: Called Strike
3-1: SINGLE (Line Drive, 89M, EV 87.5 MPH)
Yehonatan Chazan to second
Runner from 2nd tries for 3rd, SAFE, throw by RF made to third
Batting: LHB Lung Chaim 0-0: Ball
1-0: Foul Ball, location: 2F
1-1: SINGLE (Groundball, 4MD, EV 95.6 MPH)
Yehonatan Chazan scores
Francisco Agámez to second
Runner from 2nd tries for 3rd, SAFE, throw by CF made to third
Batting: RHB Juan Jose Ayala 0-0: Ball
1-0: Swinging Strike
1-1: Called Strike
1-2: Fielders Choice at 2nd, 5-4 (Groundball, 56, EV 108.1 MPH)
Bottom of the 6th over - 1 run, 3 hits, 0 errors, 2 left on base; Seattle 6 - Greenville 3
TOP OF THE 7TH
Seattle Rocketeers batting - Pitching for Greenville 84s : RHP Rubén Vázquez
Pitching: RHP Sasheer Zamata
Batting: SHB Lodd Felton 0-0: Called Strike
0-1: Swinging Strike
0-2: Ball
1-2: Ball
2-2: Ball
3-2: Foul Ball, location: 2F
3-2: Foul Ball, location: 2F
3-2: Strikes out looking
Batting: RHB Jurgen Flurgenburgen 0-0: Foul Ball, location: 2F
0-1: Swinging Strike
0-2: Foul Ball, location: 2F
0-2: Ball
1-2: Strikes out swinging
Batting: LHB Manoo Satyavrat 0-0: Swinging Strike
0-1: Called Strike
0-2: Foul Ball, location: 2F
0-2: Strikes out swinging
Top of the 7th over - 0 runs, 0 hits, 0 errors, 0 left on base; Seattle 6 - Greenville 3
BOTTOM OF THE 7TH
Greenville 84s batting - Pitching for Seattle Rocketeers : LHP Dave O'Neil
Batting: RHB Cornelio Japón 0-0: Swinging Strike
0-1: Ball
1-1: Foul Ball, location: 2F
1-2: Foul Ball, location: 2F
1-2: Ground out 4-3 (Groundball, 4S, EV 80.0 MPH)
Pitching: LHP Stanford McCain
Batting: LHB Philip Visscher 0-0: Called Strike
0-1: Foul Ball, location: 2F
0-2: Ball
1-2: Foul Ball, location: 2F
1-2: Strikes out looking
Batting: RHB Ángelo Delgado 0-0: Ball
1-0: Foul Ball, location: 2F
1-1: Foul Ball, location: 2F
1-2: Ground out 4-3 (Groundball, 4, EV 83.1 MPH)
Bottom of the 7th over - 0 runs, 0 hits, 0 errors, 0 left on base; Seattle 6 - Greenville 3
TOP OF THE 8TH
Seattle Rocketeers batting - Pitching for Greenville 84s : RHP Sasheer Zamata
Batting: RHB Alain Grosjean 0-0: Called Strike
0-1: Foul Ball, location: 2F
0-2: Ball
1-2: Foul Ball, location: 2F
1-2: Ground out 1-3 (Groundball, 34S, EV 67.5 MPH)
Batting: LHB Carlos Gabriel 0-0: Swinging Strike
0-1: Ball
1-1: Called Strike
1-2: Ball
2-2: Foul Ball, location: 2F
2-2: Strikes out swinging
Batting: SHB Charles Geudre 0-0: Ball
1-0: Ball
2-0: Ground out 4-3 (Groundball, 4, EV 85.0 MPH)
Top of the 8th over - 0 runs, 0 hits, 0 errors, 0 left on base; Seattle 6 - Greenville 3
BOTTOM OF THE 8TH
Greenville 84s batting - Pitching for Seattle Rocketeers : LHP Stanford McCain
Batting: RHB Gil Andersen 0-0: Ball
1-0: SINGLE (Line Drive, 7S, EV 91.2 MPH)
Batting: RHB António Macías 0-0: SINGLE (Line Drive, 78M, EV 95.0 MPH)
Gil Andersen to second
Batting: RHB Yehonatan Chazan 0-0: Foul Ball, location: 2F
0-1: Foul Ball, location: 2F
0-2: Grounds into double play, 5-4-3 (Groundball, 56, EV 101.9 MPH)
Gil Andersen to third
Batting: RHB Francisco Agámez 0-0: Ball
1-0: Ball
2-0: Ball
3-0: Called Strike
3-1: Foul Ball, location: 2F
3-2: Base on Balls
Batting: LHB Lung Chaim 0-0: Ball
1-0: Called Strike
1-1: Swinging Strike
1-2: Strikes out swinging
Bottom of the 8th over - 0 runs, 2 hits, 0 errors, 2 left on base; Seattle 6 - Greenville 3
TOP OF THE 9TH
Seattle Rocketeers batting - Pitching for Greenville 84s : RHP Sasheer Zamata
Batting: RHB Jur Prokop 0-0: Called Strike
0-1: Ball
1-1: Ball
2-1: Swinging Strike
2-2: Foul Ball, location: 2F
2-2: Foul Ball, location: 2F
2-2: Strikes out swinging
Pitching: LHP Ramon Wuilink
Batting: RHB Axel Ruschmeyer 0-0: Ground out 6-3 (Groundball, 6S, EV 66.2 MPH)
Pitching: RHP Dave Lawson
Batting: RHB Mathew Mayo 0-0: Ball
1-0: Called Strike
1-1: Swinging Strike
1-2: Ball
2-2: Strikes out looking
Top of the 9th over - 0 runs, 0 hits, 0 errors, 0 left on base; Seattle 6 - Greenville 3
BOTTOM OF THE 9TH
Greenville 84s batting - Pitching for Seattle Rocketeers : LHP Stanford McCain
Pitching: RHP Min-chor Chon
Batting: RHB Juan Jose Ayala 0-0: Called Strike
0-1: Ground out U3 (Groundball, 3, EV 101.9 MPH)
Batting: RHB Cornelio Japón 0-0: SINGLE (Groundball, 6MD, EV 96.2 MPH)
Batting: LHB Philip Visscher 0-0: Called Strike
0-1: Ball
1-1: Fly out, F9 (Flyball, 89S, EV 72.5 MPH)
Batting: RHB Ángelo Delgado 0-0: Fly out, F3 (Popup, 3SF, EV 76.2 MPH)
Bottom of the 9th over - 0 runs, 1 hit, 0 errors, 1 left on base; Seattle 6 - Greenville 3
Tuesday, January 5th, 2021 - OOTP Baseball 20.8 Build 74